 Dungeon Crawl Stone Soup version 0.17-a0-1769-g54adf96 (webtiles) character file.

16960 Krapule the Fighter (level 12, -3/110 HPs)
             Began as a Minotaur Fighter on Sept 7, 2015.
             Was a High Priest of Qazlal.
             Killed by divine providence
             ... invoked by Norris
              (13 damage)
             ... on level 13 of the Dungeon.
             The game lasted 00:52:18 (12236 turns).

Krapule the Fighter (Minotaur Fighter)             Turns: 12236, Time: 00:52:19

Health: -3/110     AC: 25    Str: 24      XL:     12   Next: 14%
Magic:  26/26      EV: 14    Int:  2 (3)  God:    Qazlal [*****.]
Gold:   393        SH: 26    Dex: 15      Spells: 0 memorised, 11 levels left

rFire  + + +     SeeInvis .     h - +1 long sword (elec)
rCold  . . .     Clarity  .     A - +6 ring mail of Xuar {rPois rF+ Int-2}
rNeg   . . .     SustAt   .     B - +1 large shield {reflect}
rPois  +         Gourm    .     (helmet restricted)
rElec  +         Spirit   .     x - +2 cloak {MR+}
rCorr  +         Warding  .     (no gloves)
rMut   .         Stasis   .     w - +0 pair of boots
MR     +....                    (no amulet)
Stlth  +.........               M - ring "Aniweli" {rF+ rC- MP+9 Str+3}
                                j - +4 ring of protection

@: resistant, protected from physical damage, repel missiles, somewhat resistant
to hostile enchantments, very unstealthy
A: retaliatory headbutt, horns 2, blurry vision 1, electricity resistance, wild
magic 1
a: Upheaval, Elemental Force, Disaster Area, Renounce Religion


You were on level 13 of the Dungeon.
You worshipped Qazlal.
Qazlal was extremely pleased with you.
You were not hungry.

You visited 3 branches of the dungeon, and saw 15 of its levels.

You collected 714 gold pieces.
You spent 321 gold pieces at shops.

Inventory:

Hand weapons
 a - a +1 long sword of slicing
 h - a +1 long sword of electrocution (weapon)
 C - the +5 dagger of Viutwus {speed, Int+4 Dex+7}
   (You found it on level 8 of the Dungeon)

   Attacks with this weapon are significantly faster.
   It affects your intelligence (+4).
   It affects your dexterity (+7).
Armour
 c - a +0 shield
 s - the +1 robe of the Eternal Fruit {Slay+2 SInv}
   (You found it on level 6 of the Dungeon)

   It affects your accuracy and damage with ranged weapons and melee attacks
   (+2).
   It lets you see invisible.
 w - a +0 pair of boots (worn)
 x - a +2 cloak of magic resistance (worn)
 A - the +6 ring mail of Xuar (worn) {rPois rF+ Int-2}
   (You bought it in a shop on level 8 of the Dungeon)

   It affects your intelligence (-2).
   It protects you from fire.
   It protects you from poison.
 B - a +1 large shield of reflection (worn)
Jewellery
 e - an uncursed ring of protection from fire
 j - a +4 ring of protection (left hand)
 p - an uncursed ring of fire
 M - the ring "Aniweli" (right hand) {rF+ rC- MP+9 Str+3}
   (You took it off a vampire on level 12 of the Dungeon)

   [ring of magical power]

   It affects your strength (+3).
   It protects you from fire.
   It makes you vulnerable to cold.
   It affects your magic capacity (+9).
Magical devices
 u - a wand of polymorph (15)
 G - a wand of digging (7)
Scrolls
 b - 7 scrolls of identify
 f - 5 scrolls of amnesia
 l - 3 scrolls of enchant weapon
 v - a scroll of fear
 y - 2 scrolls of fog
 E - 2 scrolls of blinking
 I - 3 scrolls of teleportation
 J - a scroll of remove curse
 K - a scroll of magic mapping {unknown}
Potions
 d - 5 potions of might
 m - 2 potions of agility
 r - 2 potions of curing
 F - a potion of brilliance
 H - a potion of haste
Books
 g - a book of Party Tricks

   Spells                             Type                      Level
   a - Summon Butterflies             Summoning                    1
   b - Apportation                    Translocation                1
   c - Tukima's Dance                 Hexes                        3
   d - Alistair's Intoxication        Transmutation/Poison         4
   e - Invisibility                   Hexes                        6
 n - a book of Flames

   Spells                             Type                      Level
   a - Flame Tongue                   Conjuration/Fire             1
   b - Throw Flame                    Conjuration/Fire             2
   c - Conjure Flame                  Conjuration/Fire             3
   d - Inner Flame                    Hexes/Fire                   3
   e - Sticky Flame                   Conjuration/Fire             4
   f - Fireball                       Conjuration/Fire             5
 D - a book of the Tempests

   Spells                             Type                      Level
   a - Static Discharge               Conjuration/Air              3
   b - Lightning Bolt                 Conjuration/Air              5
   c - Fireball                       Conjuration/Fire             5
   d - Tornado                        Air                          9
   e - Shatter                        Earth                        9
 L - a book of Frost

   Spells                             Type                      Level
   a - Freeze                         Ice                          1
   b - Throw Frost                    Conjuration/Ice              2
   c - Ozocubu's Armour               Charms/Ice                   3
   d - Throw Icicle                   Conjuration/Ice              4
   e - Summon Ice Beast               Ice/Summoning                4
   f - Condensation Shield            Ice                          4
Comestibles
 i - 10 royal jellies
 k - 7 meat rations
 o - 7 fruits
 q - 8 beef jerkies
 z - 11 bread rations
 N - 3 chunks of flesh


   Skills:
 + Level 11.5 Fighting
 - Level 3.0 Long Blades
 + Level 11.4 Armour
 + Level 9.8 Dodging
 + Level 11.3 Shields
 + Level 8.3 Invocations


You had 11 spell levels left.
You didn't know any spells.

Dungeon Overview and Level Annotations

Branches:
Dungeon (13/15)            Temple (1/1) D:5            Lair (0/8) D:11
    Orc (1/4) D:11         Vaults (0/5) D:13

Altars:
Ashenzari
Cheibriados
Dithmenos
Elyvilon
Fedhas
Gozag
Kikubaaqudgha
Makhleb
Nemelex Xobeh
Okawaru
Qazlal
Ru
Sif Muna
Trog
Vehumet
Xom
Yredelemnul
Zin
The Shining One
Beogh

Shops:
D:4 *   D:8 [   D:12 (

Annotations:
D:4 Sigmund
D:13 Donald, Norris
Orc:1 Erica


Innate Abilities, Weirdness & Mutations

You reflexively headbutt those who attack you in melee.
You have a pair of horns on your head.
Scrolls take you a little longer to read.
You are resistant to electric shocks.
Your spells are a little harder to cast, but a little more powerful.


Message History

You're too confused!
Donald blocks your attack. x2
Donald is almost dead.
You feel less confused.
Norris hits you with a hand axe of electrocution!!
* * * LOW HITPOINT WARNING * * *
You feel more protected from physical attacks.
Donald hits you but does no damage. The human hits you but does no damage.
Drink which item? (? for menu, Esc to quit)
You feel protected.
Norris mumbles some strange prayers to his god against you.
Something smites you!
* * * LOW HITPOINT WARNING * * *
You block the human's attack. You block Donald's attack.
You hit Donald.
Donald is almost dead.
Norris says, "The ORB is only a myth.
Forget about it."
Norris calls down the wrath of his god upon you.
Something smites you!
You die...

#..# #... ##.## ###...
#..# #####'# ######.##
....... .........#
....... .........#
....... .........###
.......
........§@@####.......
........§#@p..#.§.....
.........####.')......
.........# ###.......
........# §......
#####.### ....... ..
#####.# ### #


You could see Norris, Donald and a human.

Vanquished Creatures
  The ghost of Zebura the Basher, a powerful OgHu of Okawaru (D:12)
  The ghost of Alipheese the Spear-Bearer, an experienced NaFi of Cheibriados (D:10)
  The ghost of cireshan the Thaumaturge, a powerful DECj of Sif Muna (D:11)
  Sonja (D:10)
  The ghost of Alipheese the Spear-Bearer, an experienced NaFi of Cheibriados (D:8)
  2 hill giants
  An orc knight (D:11)
  A salamander (shapeshifter) (D:13)
  2 cyclopes
  Joseph (D:10)
  A kobold demonologist (D:12)
  3 trolls
  A harpy zombie (D:13)
  Grinder (D:5)
  4 wyverns
  A vampire (D:12)
  A deep elf mage (D:9)
  3 humans
  10 yaks
  2 hungry ghosts (D:12)
  A deep elf fighter (D:11)
  A wraith (D:9)
  2 soldier ants (D:9)
  2 steam dragons
  2 ice beasts
  4 sky beasts
  A phantom (D:6)
  2 spiders (D:9)
  3 black bears
  A wasp (D:9)
  2 water moccasins (D:8)
  3 orc warriors
  2 crocodiles (D:11)
  3 necrophages
  5 centaurs
  5 ogres
  An elf zombie (D:9)
  A wyvern zombie (D:9)
  9 giant frogs
  3 scorpions (D:8)
  A wight (D:9)
  4 killer bees
  6 crimson imps
  A wasp zombie (D:5)
  8 orc priests
  3 human zombies (D:9)
  A giant frog skeleton (D:7)
  3 hounds
  4 jellies
  3 centaur zombies
  7 orc wizards
  Jessica (D:3)
  3 centaur skeletons
  2 human skeletons (D:9)
  5 iguanas
  A quasit (D:8)
  4 worker ants
  Natasha (thrice) (D:3)
  A gnoll shaman (D:4)
  A killer bee zombie (D:6)
  An ogre skeleton (D:9)
  4 hound skeletons
  A worker ant zombie (D:10)
  12 gnolls
  3 river rats (D:11)
  12 adders
  2 shadow imps
  2 oozes
  2 adder skeletons
  An adder zombie (D:5)
  2 worms (D:2)
  3 giant geckos
  53 orcs
  10 bats
  4 giant cockroaches
  7 goblins
  10 hobgoblins
  6 jackals
  9 quokkas
  2 ball pythons
  3 giant newts
  4 goblin zombies (D:4)
  5 hobgoblin zombies (D:4)
  5 kobolds
  2 kobold zombies (D:4)
  3 orc skeletons
  25 rats
  12 fungi (D:11)
  3 plants
362 creatures vanquished.

Vanquished Creatures (others)
  A centaur (D:8)
  A scorpion (D:10)
  An orc wizard (D:4)
  A quokka (D:13)
  A fulminant prism (D:11)
  2 fungi (D:11)
7 creatures vanquished.

Grand Total: 369 creatures vanquished

Notes
Turn   | Place    | Note
--------------------------------------------------------------
     0 | D:1      | Krapule the Minotaur Fighter began the quest for the Orb.
     0 | D:1      | Reached XP level 1. HP: 19/19 MP: 0/0
    96 | D:1      | Reached XP level 2. HP: 20/27 MP: 1/1
   445 | D:1      | Reached skill level 4 in Fighting
   642 | D:2      | Found a snail-covered altar of Cheibriados.
   712 | D:2      | You fall through a shaft for 2 floors!
   767 | D:3      | Reached XP level 3. HP: 33/33 MP: 2/2
   815 | D:3      | Reached skill level 1 in Dodging
   923 | D:3      | Noticed Natasha
   930 | D:3      | Killed Natasha
   930 | D:3      | Reached XP level 4. HP: 35/40 MP: 3/3
   955 | D:3      | Noticed Jessica
   962 | D:3      | Killed Jessica
  1398 | D:2      | Reached XP level 5. HP: 47/47 MP: 4/4
  1586 | D:3      | Noticed Grinder
  1591 | D:3      | Paralysed by Grinder for 6 turns
  1626 | D:3      | Noticed Natasha
  1632 | D:3      | Killed Natasha
  1642 | D:3      | Noticed Natasha
  1647 | D:3      | Killed Natasha
  2185 | D:4      | Reached skill level 5 in Shields
  2227 | D:4      | Noticed Sigmund
  2256 | D:5      | Entered Level 5 of the Dungeon
  2274 | D:5      | Reached skill level 5 in Fighting
  2274 | D:5      | Reached skill level 5 in Armour
  2274 | D:5      | Reached XP level 6. HP: 30/56 MP: 5/5
  2473 | D:5      | Noticed an ogre
  2528 | D:5      | Found a staircase to the Ecumenical Temple.
  2532 | D:5      | Noticed a centaur
  2543 | D:5      | Killed a centaur
  2566 | Temple   | Entered the Ecumenical Temple
  2763 | Temple   | Became a worshipper of Qazlal Stormbringer
  2850 | D:5      | HP: 2/56 [gnoll/spear (4)]
  3219 | D:4      | Reached XP level 7. HP: 17/62 MP: 6/6
  3450 | D:4      | Found a glowing golden altar of the Shining One.
  3513 | D:4      | Reached skill level 1 in Invocations
  3716 | D:4      | Found Fuost's Assorted Antiques.
  3719 | D:4      | Bought a runed long sword for 105 gold pieces
  4236 | D:5      | Killed an ogre
  4236 | D:5      | Reached skill level 6 in Fighting
  4271 | D:5      | Paralysed by Grinder for 6 turns
  4299 | D:5      | Killed Grinder
  4638 | D:5      | Acquired Qazlal's first power
  4652 | D:5      | Reached XP level 8. HP: 23/71 MP: 8/8
  5237 | D:6      | Reached skill level 7 in Fighting
  5318 | D:6      | Reached skill level 5 in Dodging
  5446 | D:6      | Acquired Qazlal's second power
  5454 | D:6      | Found a shattered altar of Ashenzari.
  5460 | D:6      | Got a shimmering robe
  5471 | D:6      | Identified the cursed +1 robe of the Eternal Fruit {Slay+2 SInv} (You found it on level 6 of the Dungeon)
  6244 | D:6      | Reached XP level 9. HP: 68/79 MP: 10/10
  6684 | D:7      | Reached skill level 8 in Fighting
  7129 | D:8      | Noticed Alipheese's ghost (experienced NaFi)
  7540 | D:8      | Found a radiant altar of Vehumet.
  7646 | D:8      | Acquired Qazlal's third power
  7695 | D:8      | Found a shimmering altar of Xom.
  7695 | D:8      | Found a shimmering altar of Xom.
  7695 | D:8      | Found a shimmering altar of Xom.
  7696 | D:8      | Found a shimmering altar of Xom.
  7696 | D:8      | Found a shimmering altar of Xom.
  7696 | D:8      | Found a shimmering altar of Xom.
  7696 | D:8      | Found a shimmering altar of Xom.
  7697 | D:8      | Found a shimmering altar of Xom.
  7698 | D:8      | Found a shimmering altar of Xom.
  7709 | D:8      | Reached skill level 5 in Invocations
  7758 | D:8      | Found a basalt altar of Yredelemnul.
  7760 | D:8      | Found a white marble altar of Elyvilon.
  7782 | D:8      | Noticed a faun
  7818 | D:8      | Found Bafus's Antique Armour Boutique.
  7825 | D:8      | Bought a distressingly furry ring mail for 144 gold pieces
  7825 | D:8      | Bought a runed large shield for 72 gold pieces
  7837 | D:8      | Got a bloodstained dagger
  7838 | D:8      | Identified the +5 dagger of Viutwus {speed, Int+4 Dex+7} (You found it on level 8 of the Dungeon)
  7859 | D:8      | Identified the +6 ring mail of Xuar {rPois rF+ Int-2} (You bought it in a shop on level 8 of the Dungeon)
  8005 | D:8      | Reached XP level 10. HP: 90/90 MP: 12/12
  8106 | D:8      | Gained mutation: You are resistant to electric shocks. [potion of mutation]
  8106 | D:8      | Gained mutation: Scrolls take you a little longer to read. [potion of mutation]
  8106 | D:8      | Gained mutation: Your spells are a little harder to cast, but a little more powerful. [potion of mutation]
  8175 | D:8      | Killed Alipheese's ghost
  8175 | D:8      | Reached skill level 9 in Fighting
  8947 | D:9      | Acquired Qazlal's fourth power
  9042 | D:9      | Found a glowing silver altar of Zin.
  9042 | D:9      | Noticed an angel
  9150 | D:9      | Found an ancient bone altar of Kikubaaqudgha.
  9177 | D:10     | Entered Level 10 of the Dungeon
  9177 | D:10     | Noticed Alipheese's ghost (experienced NaFi)
  9197 | D:10     | Killed Alipheese's ghost
  9197 | D:10     | Reached skill level 10 in Fighting
  9197 | D:10     | Reached skill level 10 in Armour
  9249 | D:10     | Noticed Joseph
  9328 | D:10     | Reached skill level 10 in Shields
  9333 | D:10     | Reached XP level 11. HP: 87/99 MP: 14/14
  9336 | D:10     | Noticed Sonja
  9596 | D:10     | Killed Sonja
  9942 | D:10     | Killed Joseph
 10153 | D:11     | Noticed a great orb of eyes
 10158 | D:11     | Noticed cireshan's ghost (powerful DECj)
 10159 | D:11     | Noticed a hill giant
 10250 | D:11     | Acquired Qazlal's fifth power
 10273 | D:11     | Killed cireshan's ghost
 10698 | D:11     | Found a roughly hewn altar of Beogh.
 10698 | D:11     | Found a staircase to the Orcish Mines.
 10870 | D:11     | Found a staircase to the Lair.
 11205 | Orc:1    | Entered Level 1 of the Orcish Mines
 11208 | Orc:1    | Noticed Erica
 11553 | D:12     | Reached skill level 11 in Fighting
 11734 | D:12     | Noticed a hill giant
 11734 | D:12     | Found Roub's Antique Weapon Boutique.
 11734 | D:12     | Noticed Zebura's ghost (powerful OgHu)
 11750 | D:12     | Killed a hill giant
 11768 | D:12     | Killed Zebura's ghost
 11956 | D:12     | Got a warped lead ring
 11957 | D:12     | Identified the ring "Aniweli" {rF+ rC- MP+9 Str+3} (You took it off a vampire on level 12 of the Dungeon)
 12036 | D:13     | Found a gate to the Vaults.
 12036 | D:13     | Noticed Donald
 12036 | D:13     | Noticed a hill giant
 12036 | D:13     | Noticed Norris
 12078 | D:13     | Reached XP level 12. HP: 106/110 MP: 17/17
 12178 | D:13     | Noticed a hill giant
 12188 | D:13     | Killed a hill giant
 12229 | D:13     | Paralysed by Norris for 3 turns
 12236 | D:13     | Killed from afar by Norris

Vault maps used:
D:1:      dpeg_arrival_rooms_b, serial_bayou, serial_bayou_shore_a,
          serial_bayou_shore_b, serial_bayou_lagoon_a, serial_bayou_lagoon_b
D:2:      kennysheep_big_flooded_room, roderic_aztec_sauvastika,
          cheibriados_altar_1
D:3:      minmay_misc_feat_columns, uniq_grinder, uniq_natasha, uniq_jessica
D:4:      first_bread, serial_shops, kennysheep_mini, hex_medium,
          nicolae_tso_besieged_by_evil, uniq_sigmund
D:5:      temple_pool_a
D:6:      minmay_opposing_rooms, cheibrodos_ashenzari_chains
D:8:      nicolae_overflow_crystal_walls, grunt_temple_overflow_open,
          xom_shifter_show, serial_shops, nicolae_shop_crystal
D:9:      zin_angel, lemuel_mausoleum_altar_kikubaaqudgha,
          hangedman_pestilent_swarm
D:10:     lemuel_flame_loot_2, uniq_joseph, uniq_sonja
D:11:     grunt_lair_entry_elf_guard_hut, david_orc_5, minivault_12
D:12:     serial_shops, nicolae_shop_overgrown_old_shop
D:13:     david_vaults_3, lab_entry_generic, elyvilon_altar_4
Temple:   eino_temple_water_12
Orc:1:    portal_ice_cave_entry_ice_beasts, uniq_snorg, uniq_erica, uniq_harold

Action                   |  1- 3 |  4- 6 |  7- 9 | 10-12 || total
-------------------------+-------+-------+-------+-------++-------
Melee: Long sword        |    88 |   180 |   344 |   598 ||  1210
Evoke: Wand              |       |       |       |     2 ||     2
  Use: Scroll            |       |     6 |     5 |     6 ||    17
       Potion            |       |     6 |       |     5 ||    11
  Eat: Chunk             |       |     7 |    17 |     9 ||    33
       Pizza             |       |       |       |     1 ||     1
       Meat ration       |       |       |       |     1 ||     1
